 Dungeon Crawl Stone Soup version 0.18.1-48-g4cf74bf (webtiles) character file.

52 vale the Slasher (level 3, 0/27 HPs)
             Began as a Demonspawn Warper on Aug 7, 2016.
             Succumbed to an adder's poison
             ... on level 3 of the Dungeon.
             The game lasted 00:07:01 (2331 turns).

vale the Slasher (Demonspawn Warper)                Turns: 2331, Time: 00:07:01

Health: 0/27       AC:  3    Str: 11    XL:     3   Next: 60%
Magic:  6/6        EV: 11    Int: 14    God:
Gold:   61         SH:  0    Dex: 13    Spells: 3 memorised, 1 level left

rFire  . . .     SeeInvis .     a - +0 falchion
rCold  . . .     Gourm    .     b - +0 leather armour
rNeg   . . .     Faith    .     (no shield)
rPois  .         Spirit   .     (no helmet)
rElec  .         Dismiss  .     (no cloak)
rCorr  .         Reflect  .     (no gloves)
SustAt .         Harm     .     (no boots)
MR     .....                    (no amulet)
Stlth  ++........               (no ring)
                                (no ring)

@: lethally poisoned (0 -> -4), not resistant to hostile enchantments,
unstealthy
A: nightstalker 1
a: no special abilities


You were on level 3 of the Dungeon.
You were hungry.

You visited 1 branch of the dungeon, and saw 3 of its levels.

You collected 61 gold pieces.

Inventory:

Hand Weapons
 a - a +0 falchion (weapon)
Missiles
 e - 5 tomahawks of dispersal
 h - 18 stones
 l - 34 poisoned needles
 o - 3 javelins (quivered)
Armour
 b - a +0 leather armour (worn)
Jewellery
 i - an uncursed ring of protection from fire {unknown}
 q - an uncursed amulet of magic regeneration {unknown}
Scrolls
 d - 3 scrolls of blinking
 k - a scroll of identify
 n - a scroll of enchant armour {unknown}
 r - a scroll of magic mapping {unknown}
Potions
 g - a potion of degeneration
Books
 c - a book of Spatial Translocations

   Spells                             Type                      Level
   a - Apportation                    Translocation                1
   b - Blink                          Translocation                2
   c - Shroud of Golubria             Charms/Translocation         2
   d - Portal Projectile              Translocation                3
   e - Teleport Other                 Translocation                3
   f - Passage of Golubria            Translocation                4
Comestibles
 f - 2 bread rations {@e1}
 j - 2 chunks of flesh {@w0}
 m - a meat ration {@e2}


   Skills:
 - Level 2.0 Fighting
 + Level 3.6 Long Blades
 - Level 0.8 Throwing
 - Level 0.8 Armour
 - Level 1.7 Dodging
 - Level 2.0 Spellcasting
 - Level 2.6 Translocations


You had one spell level left.
You knew the following spells:

 Your Spells              Type           Power        Failure   Level  Hunger
b - Shroud of Golubria    Chrm/Tloc      #.........   30%         2    ###....
k - Apportation           Tloc           #.........   12%         1    ##.....
p - Blink                 Tloc           N/A          17%         2    ###....


Dungeon Overview and Level Annotations

Branches:
Dungeon (3/15)

Altars:
The Shining One

Annotations:
D:2 Jessica


Innate Abilities, Weirdness & Mutations

You are slightly more attuned to the shadows.


Message History

Drink which item? (? for menu, Esc to quit)
Okay, then.
You aren't carrying any items that you can evoke.
Unknown command.
Enter note: shrug Unknown command.
Unknown command.
Unknown command.
Unknown command.
Unknown command.
Unknown command.
* * * LOW HITPOINT WARNING * * *
You feel sick.
You take 1 damage, and have 2/27 hp.
* * * LOW HITPOINT WARNING * * *
You feel sick.
* * * LOW HITPOINT WARNING * * *
You feel sick.
You take 1 damage, and have 1/27 hp.
You die...

#### ..#
#.# #@#
#†# #.#
#<##
#..#
#....(.#
#?######


There were no monsters in sight!

Vanquished Creatures
  An adder (D:3)
  A dart slug (D:1)
  3 giant geckos (D:1)
  2 giant cockroaches
  6 goblins
  4 hobgoblins
  3 kobolds
  2 quokkas
  9 bats
  4 rats
35 creatures vanquished.

Vanquished Creatures (others)
  A gnoll (D:1)
  An ooze (D:1)
  A worm (D:1)
  A goblin (D:1)
  A hobgoblin (D:1)
  A giant newt (D:1)
6 creatures vanquished.

Grand Total: 41 creatures vanquished

Notes
Turn   | Place    | Note
--------------------------------------------------------------
     0 | D:1      | vale the Demonspawn Warper began the quest for the Orb.
     0 | D:1      | Reached XP level 1. HP: 16/16 MP: 3/3
   186 | D:1      | Reached skill level 2 in Long Blades
   694 | D:1      | Gained mutation: You are slightly more attuned to the shadows. [demonic ancestry]
   694 | D:1      | Reached XP level 2. HP: 22/22 MP: 5/5
  1422 | D:1      | Reached skill level 3 in Long Blades
  1429 | D:1      | Learned a level 2 spell: Blink
  1432 | D:1      | Learned a level 2 spell: Shroud of Golubria
  1685 | D:1      | Reached XP level 3. HP: 26/27 MP: 6/6
  1883 | D:2      | Noticed Jessica
  2264 | D:2      | Found a glowing golden altar of the Shining One.
  2323 | D:3      | shrug
  2327 | D:3      | HP: 1/27 [poisoned by an adder]
  2331 | D:3      | Succumbed to an adder's poison

Skill      XL: |  1  2 |
---------------+-------+-----
Long Blades    | 2 3 |  3.6
Fighting       | |  2.0
Throwing       | |  0.8
Armour         | |  0.8
Dodging        | |  1.7
Spellcasting   | |  2.0
Translocations | |  2.6

Action                   || total
-------------------------++-------
Melee: Falchion          ||   116
Throw: Stone             ||    27
       Javelin           ||    10
 Cast: Shroud of Golubri ||     2
       Blink             ||     2
  Use: Scroll            ||     1
       Potion            ||     1
 Stab: Sleeping          ||     1
  Eat: Chunk             ||     4
Armor: Leather armour    ||    59
Dodge: Dodged            ||    96
